 Dungeon Crawl Stone Soup version 0.30.0 (webtiles) character file.

Game seed: 8746956346066425641

545098 meatpath the Conqueror (level 24, -25/249 HPs)
             Began as a Minotaur Berserker on May 6, 2023.
             Was the Champion of Trog.
             Killed from afar by an orb of fire (33 damage)
             ... with a bolt of fire
             ... on level 5 of the Realm of Zot.
             The game lasted 03:08:25 (60642 turns).

meatpath the Conqueror (Minotaur Berserker)        Turns: 60642, Time: 03:08:25

Health: -25/249    AC: 42    Str: 28    XL:     24   Next: 87%
Magic:  22/22      EV: 18    Int: 11    God:    Trog [******]
Gold:   3210       SH: 25    Dex: 20    Spells: 23/23 levels left

rFire   + . .        p - +9 broad axe (heavy)
rCold   + + .        l - +0 tower shield {AC+3}
rNeg    + . .        L - +9 gold dragon scales
rPois   +            v - +0 hat
rElec   +            U - scarf {repulsion}
rCorr   +            V - +0 pair of gloves of Filth {Drain rElec Regen+ Int+6}
SInv    +            a - +1 pair of boots {rampage}
Will    +....        d - amulet "Jarafo" {Faith rN+ SInv} Stlth
                     M - ring of Vodka {rCorr AC+4 Dex+3}
HPRegen 1.41/turn    f - ring of Sioproav {+Blink rPois rC+ Stlth-}
MPRegen 0.18/turn

%: repel missiles, rampage, faith
@: no status effects
A: horns 2, retaliatory headbutt, large bone plates 1, agile 1, wild magic 1, no
potion heal 1
}: 3/15 runes: decaying, silver, gossamer
a: Renounce Religion, Evoke Blink, Berserk, Trog's Hand, Brothers in Arms


You were on level 5 of the Realm of Zot.
You worshipped Trog.
Trog was exalted by your worship.
You visited 10 branches of the dungeon, and saw 46 of its levels.

You collected 5117 gold pieces.
You spent 1907 gold pieces at shops.

Inventory:

Hand Weapons
 p - a +9 heavy broad axe (weapon)
 D - the +9 executioner's axe "Sainub" {heavy, Str+3}
   (Trog gifted it to you on level 14 of the Dungeon)

   Str:       It affects your strength (+3).
 X - a +1 broad axe of flaming
Armour
 a - a +1 pair of boots of rampaging (worn)
 l - a +0 tower shield of protection (worn)
 v - a +0 hat (worn)
 L - +9 gold dragon scales (worn)
 U - a scarf of repulsion (worn)
 V - the +0 pair of gloves of Filth (worn) {Drain rElec Regen+ Int+6}
   (You found it on level 2 of the Vaults)

   Int:       It affects your intelligence (+6).
   rElec:     It insulates you from electricity.
   Regen:     It increases your rate of health regeneration.
   Drain:     It drains your maximum health when unequipped.
Jewellery
 b - an amulet of regeneration
 d - the amulet "Jarafo" (around neck) {Faith rN+ SInv}
   (You acquired it on level 4 of the Depths)

   [amulet of faith]

   It allows you to gain divine favour quickly.
   rN:        It protects you from negative energy.
   SInv:      It lets you see invisible.
 e - a ring of protection from fire
 f - the ring of Sioproav (right hand) {+Blink rPois rC+ Stlth-}
   (You found it on level 5 of the Dungeon)

   [ring of protection from cold]

   rC:        It protects you from cold.
   rPois:     It protects you from poison.
   +Blink:    It lets you blink.
   Stlth:     It makes you less stealthy.
 j - a ring of flight
 k - the ring "Tuetir" {Wiz Drain rF+ rN+ Int+2}
   (You found it on level 5 of the Vaults)

   [ring of wizardry]

   It improves your spell success rate.
   Int:       It affects your intelligence (+2).
   rF:        It protects you from fire.
   rN:        It protects you from negative energy.
   Drain:     It drains your maximum health when unequipped.
 M - the ring of Vodka (left hand) {rCorr AC+4 Dex+3}
   (You found it on level 4 of the Lair of Beasts)

   [ring of protection]

   AC:        It affects your AC (+4).
   Dex:       It affects your dexterity (+3).
   rCorr:     It protects you from acid and corrosion.
 N - a ring of see invisible
 Y - an amulet of reflection
Wands
 w - a wand of digging (3)
 y - a wand of charming (31)
 z - a wand of mindburst (29)
 B - a wand of flame (140)
 G - a wand of roots (64)
 P - a wand of polymorph (23)
 T - a wand of acid (33)
Scrolls
 h - 2 scrolls of silence
 i - 10 scrolls of poison
 r - 12 scrolls of blinking
 u - 3 scrolls of butterflies
 x - a scroll of brand weapon
 A - a scroll of fog
 E - 13 scrolls of teleportation
 R - 7 scrolls of fear
 W - 17 scrolls of identify
Potions
 c - 13 potions of flight
 g - 4 potions of might
 m - 24 potions of curing
 n - 5 potions of lignification
 o - 7 potions of resistance
 q - 3 potions of heal wounds
 C - 5 potions of berserk rage
 F - 6 potions of attraction
 H - 9 potions of mutation
 I - 6 potions of haste
 J - 4 potions of invisibility
 Q - 10 potions of cancellation
 S - 5 potions of ambrosia
Miscellaneous
 O - a phial of floods


   Skills:
 O Level 27 Fighting
 O Level 27 Axes
 - Level 18.3 Armour
 + Level 24.8 Dodging
 - Level 16.2 Shields
 - Level 8.8 Evocations


You had 23 spell levels left.
You didn't know any spells.
Your spell library was empty.

Dungeon Overview and Level Annotations

Branches:
Dungeon (15/15)            Temple (0/1) D:5            Lair (5/5) D:8
  Swamp (4/4) Lair:3       Spider (4/4) Lair:3        Slime (0/5) Lair:5
    Orc (2/2) D:12            Elf (1/3) Orc:2        Vaults (5/5) D:13
  Crypt (1/3) Vaults:3     Depths (4/4) D:15            Zot (5/5) Depths:4

Altars:
Ashenzari
Cheibriados
Dithmenos
Elyvilon
Hepliaklqana
Makhleb
Nemelex Xobeh
Okawaru
Qazlal
Sif Muna
Trog
Uskayaw
Vehumet
Wu Jian
The Shining One
Jiyva

Shops:
D:4 !==   D:10 [   D:15 (   Orc:2 [=**   Vaults:1 ?   Depths:1 *   Depths:2 [

Portals:
Hell: Depths:1 Depths:2 Depths:3 Depths:4
Abyss: Depths:1 Depths:4
Pandemonium: Orc:2 Depths:2 Depths:4
Ziggurat: Depths:3
Trove: Vaults:3 (give +2 gold dragon scales)
Wizlab: Crypt:1

Annotations:
D:8 2 transporters


Innate Abilities, Weirdness & Mutations

You have a pair of horns on your head.
You reflexively headbutt those who attack you in melee.
You are partially covered in large bone plates. (SH +4)
You are agile. (Dex +4, Str/Int -1)
Your spells are a little harder to cast, but a little more powerful.
Potions are less effective at restoring your health.


Message History

* * * LOW HITPOINT WARNING * * *
The fireball engulfs the orb of fire.
The orb of fire completely resists.
The orb of fire glows red.
The fireball explodes!
The fireball engulfs you! You resist.
* * * LOW HITPOINT WARNING * * *
The fireball engulfs the orb of fire.
The orb of fire completely resists.
The fireball engulfs the orb of fire.
The orb of fire completely resists.
The orb of fire glows bright magenta.
The bolt of fire hits the orb of fire.
The orb of fire completely resists.
The bolt of fire hits you!! You resist.
* * * LOW HITPOINT WARNING * * *
You hear a shout!
There is a stone staircase leading up, spattered with blood here.
Your system partially rejects the healing.
You feel much better.
The orb of fire glows deep purple.
The bolt of fire hits you!! You resist.
* * * LOW HITPOINT WARNING * * *
Your system partially rejects the healing.
You feel much better.
The orb of fire glows deep purple.
The bolt of fire hits the orb of fire.
The orb of fire completely resists.
The bolt of fire hits you! You resist.
* * * LOW HITPOINT WARNING * * *
The Killer Klown completely misses you.
The orb of fire glows red.
The bolt of fire misses you.
Your system partially rejects the healing.
You feel much better. The Killer Klown pies you viciously!
The klown pie is repelled.
The orb of fire emits a lurid red light.
The bolt of fire is repelled.
The orb of fire emits a lurid red light.
The bolt of fire hits you!! You resist.
* * * LOW HITPOINT WARNING * * *
The orb of fire emits a lurid red light.
The bolt of fire hits the orb of fire.
The orb of fire completely resists.
The bolt of fire hits you!! You resist.
You die...

...## ####.......#
....##
##.....#########
..X..#
##)...........#
#....#
#.X.÷.....[..#
##..^#
##X<)........#
.#..y# ###).......#*
.....# #.*........#
.....# #**........#*
.....# #@p.#.......#
.....# #########...#
#..y.# #...#
###.##******
*******#####****
,....,,,,,,*
**,,,,,,,,,,,,,,**
.....,,,,,**
**,,,,,,,,,,,,,^,,*
....,,,,,,*
**,,,,,,,,,,,,,,^,,^
....,,,,,**
*,,,,,,,,,,,,,^,,,,,
....,,,,^*
*,,,,,,,,,,,,,,,,,,,


You could see 3 orbs of fire and a Killer Klown.

Vanquished Creatures
  3 dread liches
  3 orbs of fire
  An ancient lich (Zot:5)
  Parghit (Depths:3)
  Saint Roka (Vaults:4)
  Vv (Depths:3)
  Xtahua (Vaults:4)
  6 golden dragons
  Arachne (Spider:4)
  A Tzitzimitl (Depths:1)
  2 bone dragons (Depths:1)
  2 doom hounds (Depths:2)
  Jorgrun (Spider:2)
  6 tentacled monstrosities
  Grunn (Depths:2)
  7 Orb Guardians
  3 titans (Vaults:5)
  Asterion (Spider:2)
  5 quicksilver dragons
  A lich (Depths:1)
  6 sphinxes
  3 death cobs
  Frances (Lair:3)
  2 thorn hunters
  8 storm dragons
  6 shadow dragons
  Kirke (Swamp:2)
  7 tengu reavers
  2 draconian monks (Zot:5)
  2 draconian knights (Zot:5)
  2 emperor scorpions
  13 fire giants
  5 iron dragons
  6 frost giants
  8 ghost moths
  2 draconian shifters
  5 draconian scorchers
  A balrug (Depths:4)
  24 vault wardens
  4 deep elf sorcerers
  Louise (Depths:4)
  A draconian annihilator (Zot:1)
  3 draconian stormcallers
  2 ghouls (Swamp:4)
  4 orc warlords
  24 ironbound preservers
  A reaper (Depths:2)
  3 war gargoyles
  9 ironbound thunderhulks
  16 very ugly things
  A broodmother (Spider:4)
  20 stone giants
  The ghost of Seidenschwarz the Sorcerer, a journeyman DECj of Vehumet (Elf:1)
  3 vampire knights (Depths:3)
  A deep elf demonologist (Vaults:5)
  7 eleionomae
  4 green draconians
  8 yellow draconians
  6 purple draconians
  The ghost of Nyzic the Grappler, a journeyman TrMo (Lair:4)
  6 spark wasps
  6 black draconians
  A lorocyproca (Depths:4)
  2 pale draconians (Depths:4)
  21 dire elephants
  5 bunyips
  6 white draconians
  5 red draconians
  The ghost of Brasilia the Convoker, a journeyman FeWn of Jiyva (Spider:3)
  12 fire dragons
  12 ettins
  11 entropy weavers
  A deep elf death mage (Vaults:5)
  13 yaktaur captains
  3 deep elf high priests
  A shambling mangrove (Swamp:4)
  6 jorogumos
  A jiangshi (Vaults:3)
  A peacekeeper (Vaults:4)
  6 ice dragons
  6 great orbs of eyes
  29 vault guards
  2 hell beasts (Depths:1)
  19 hydras
  6 spriggan air magi
  2 ghost crabs
  11 ironbound frosthearts
  A catoblepas (Lair:2)
  8 boulder beetles
  A radroach (Spider:2)
  5 ogre magi
  14 two-headed ogres
  6 alligators
  2 demonspawn (Orc:2)
  11 death yaks
  7 tengu warriors
  A death knight (Vaults:3)
  9 dancing weapons (Elf:1)
  5 deep troll shamans
  18 centaur warriors
  Urug (Orc:1)
  8 spriggan berserkers
  4 deep troll earth magi
  4 vampire magi
  4 deep elf knights (Elf:1)
  A soul eater (Depths:1)
  11 hell knights
  7 spriggans
  7 orc high priests (Orc:2)
  6 iron trolls
  2 skeletal warriors
  6 pharaoh ants
  A skyshark (Lair:4)
  78 deep trolls
  2 glowing orange brains
  2 sun moths
  3 goliath frogs
  A quicksilver dragon simulacrum (Depths:1)
  2 spriggan druids
  3 wizards
  13 orb spiders
  A flayed ghost (D:15)
  3 bog bodies (Swamp:4)
  9 lindwurms
  9 deep elf archers (Elf:1)
  18 ironbound convokers
  15 deep elf pyromancers
  9 necromancers
  9 orc knights
  A golden dragon skeleton (Depths:1)
  7 swamp dragons
  A tengu zombie (D:15)
  6 phantasmal warriors
  11 steelbarb worms
  16 deep elf zephyrmancers (Elf:1)
  3 harpies (Vaults:3)
  2 cyclopes (D:12)
  A frost giant zombie (D:15)
  12 wolf spiders
  8 orc sorcerers
  3 will-o-the-wisps
  A stone giant zombie (D:15)
  An elephant (Lair:2)
  13 moths of wrath
  A moth of wrath (shapeshifter) (Depths:4)
  An iron dragon skeleton (Vaults:2)
  37 ugly things
  2 manticores
  5 black mambas
  An elf zombie (Vaults:4)
  A rust devil (Depths:4)
  2 guardian serpents (shapeshifter)
  6 demonic crawlers
  An ice statue (D:11)
  An orange demon (Depths:4)
  2 gargoyles (D:12)
  27 vault sentinels
  A titan simulacrum (Vaults:2)
  28 cane toads
  A torpor snail (shapeshifter) (Elf:1)
  A smoke demon (Orc:2)
  7 torpor snails
  Maggie (D:6)
  6 rime drakes
  11 komodo dragons
  A yaktaur zombie (Vaults:2)
  2 efreet (D:13)
  A kobold demonologist (D:8)
  2 freezing wraiths
  2 unseen horrors (D:12)
  3 ice devils
  A red devil (Orc:2)
  32 yaktaurs
  6 tengu conjurers
  10 trolls
  2 bloated husks
  A merfolk (shapeshifter) (Vaults:5)
  5 polar bears
  9 hornets
  A wind drake (shapeshifter) (Vaults:5)
  31 blink frogs
  9 tyrant leeches
  21 tarantellas
  6 meliai
  3 dream sheep (Lair:2)
  2 shadows
  22 slime creatures
  2 air elementals (Elf:1)
  31 jumping spiders
  Sigmund (D:4)
  2 spriggan skeletons
  A water elemental (Depths:3)
  21 culicivoras
  3 wraiths
  8 wyverns
  3 vampires
  A centaur simulacrum (D:14)
  9 basilisks
  3 hogs (Swamp:2)
  44 yaks
  3 fire elementals (Elf:1)
  3 steam dragons (Depths:4)
  37 vampire mosquitoes
  40 redbacks
  Menkaure (D:7)
  Edmund (D:4)
  4 wargs
  12 swamp worms
  5 acid dragons
  17 water moccasins
  A floating eye (Depths:3)
  48 orc warriors
  5 sky beasts
  10 swamp drakes
  2 ice beasts (D:7)
  3 human zombies (Vaults:4)
  3 black bears
  25 wolves
  11 ogres
  8 boggarts
  3 human skeletons
  13 centaurs
  7 kobold brigands
  20 bullfrogs
  2 gnoll sergeants
  2 glowing shapeshifter simulacra
  2 earth elementals (Elf:1)
  A scorpion (shapeshifter) (Vaults:1)
  6 scorpions
  3 wights (D:9)
  11 killer bees
  9 electric eels
  A howler monkey (D:6)
  3 quasits (D:6)
  16 jellies
  6 hounds
  3 gnoll boudas
  28 orc priests
  2 iguanas (D:5)
  18 orc wizards
  A hell rat (Lair:2)
  24 gnolls
  8 adders
  6 shadow imps
  5 white imps
  4 ufetubi (D:6)
  A worm zombie (D:6)
  2 worms
  2 dart slugs
  110 orcs
  3 bats
  8 endoplasms
  6 giant cockroaches
  4 hobgoblins
  6 jackals
  6 quokkas
  12 ball pythons
  2 frilled lizards
  15 goblins
  29 kobolds
  A kobold zombie (D:6)
  5 rats
  4 briar patches (Swamp:4)
  3 spectral weapons (Spider:2)
1986 creatures vanquished.

Vanquished Creatures (collateral kills)
  A storm dragon (Vaults:5)
  2 ironbound preservers (Vaults:4)
  A deep elf death mage (Vaults:5)
  A demonspawn (Orc:2)
  A vault guard (Vaults:5)
  A deep troll earth mage (Depths:2)
  A spriggan (Depths:2)
  3 yaktaurs (Vaults:5)
  A hornet (Depths:2)
  A fire giant simulacrum (Vaults:4)
13 creatures vanquished.

Vanquished Creatures (others)
  A ghoul (Swamp:4)
  A vault guard (Vaults:5)
  A deep elf knight (Elf:1)
  A deep troll (Vaults:5)
  2 bloated husks
  A tarantella (Spider:1)
  A water elemental (Elf:1)
  3 humans (Swamp:2)
  A briar patch (Swamp:4)
  3 demonic plants (D:6)
  18 foxfires
  27 fungi
  159 plants
219 creatures vanquished.

Grand Total: 2218 creatures vanquished

Notes
Turn   | Place    | Note
-------+----------+-------------------------------------------
     0 | D:1      | meatpath the Minotaur Berserker began the quest for the
                  | Orb.
     0 | D:1      | Reached XP level 1. HP: 19/19 MP: 0/0
   129 | D:1      | Reached XP level 2. HP: 27/27 MP: 1/1
   240 | D:1      | Reached ** piety under Trog
   398 | D:1      | Reached XP level 3. HP: 31/33 MP: 2/2
  1166 | D:2      | Reached XP level 4. HP: 41/41 MP: 3/3
  2719 | D:4      | Noticed a scorpion
  2723 | D:4      | Killed a scorpion
  2724 | D:4      | Reached skill level 5 in Fighting
  2724 | D:4      | Reached skill level 5 in Axes
  2724 | D:4      | Reached XP level 5. HP: 48/48 MP: 4/4
  2760 | D:4      | Noticed a black bear
  2783 | D:4      | Killed a black bear
  2784 | D:4      | Reached XP level 6. HP: 56/56 MP: 5/5
  2836 | D:4      | Found a burning altar of Makhleb.
  2860 | D:4      | Found Vourch's Distillery.
  2860 | D:4      | Noticed Sigmund
  2873 | D:4      | Killed Sigmund
  2874 | D:4      | Reached skill level 5 in Armour
  2953 | D:4      | Found Dokisoth's Jewellery Emporium.
  2975 | D:4      | Reached XP level 7. HP: 62/63 MP: 6/6
  2997 | D:4      | Reached *** piety under Trog
  3112 | D:4      | Noticed Edmund
  3134 | D:4      | Killed Edmund
  3228 | D:4      | Found Vonuss's Jewellery Emporium.
  3363 | D:4      | Found a sparkling altar of Nemelex Xobeh.
  3565 | D:4      | Identified a scroll of acquirement
  3565 | D:4      | Acquired the +8 Wrath of Trog {antimagic, *Rage Rampage}
  3565 | D:4      | Found the +8 Wrath of Trog {antimagic, *Rage Rampage}
  3611 | D:5      | Entered Level 5 of the Dungeon
  3731 | D:5      | Found a glowing golden altar of the Shining One.
  3888 | D:5      | Found a white marble altar of Elyvilon.
  3911 | D:5      | Reached XP level 8. HP: 48/73 MP: 7/7
  3943 | D:5      | Found a broken altar of Ashenzari.
  4084 | D:5      | Found a staircase to the Ecumenical Temple.
  4165 | D:5      | Identified the ring of Sioproav {+Blink rPois rC+ Stlth-}
  4241 | D:6      | Reached **** piety under Trog
  4247 | D:6      | Noticed Maggie
  4262 | D:6      | Killed Maggie
  4619 | D:6      | Reached XP level 9. HP: 82/82 MP: 8/8
  4765 | D:6      | Found a hide-covered altar of Uskayaw.
  4824 | D:6      | Found the +3 Mad Mage's Maulers {Infuse+∞ VampMP -Cast}
  5576 | D:7      | Reached ***** piety under Trog
  5861 | D:7      | Noticed Menkaure
  5864 | D:7      | Killed Menkaure
  6105 | D:7      | Found a shimmering blue altar of Sif Muna.
  6108 | D:7      | Reached skill level 1 in Shields
  6161 | D:7      | Found a snail-covered altar of Cheibriados.
  6489 | D:7      | Found a stormy altar of Qazlal.
  6543 | D:7      | Reached skill level 10 in Fighting
  6628 | D:7      | Noticed a boulder beetle
  6644 | D:7      | Reached skill level 10 in Axes
  6752 | D:7      | Reached XP level 10. HP: 65/94 MP: 2/9
  6764 | D:7      | Killed a boulder beetle
  7018 | D:7      | Reached skill level 5 in Shields
  7484 | D:8      | Found a transporter.
  7489 | D:8      | Found a viscous altar of Jiyva.
  7489 | D:8      | Found a transporter.
  7627 | D:8      | Found a shadowy altar of Dithmenos.
  7679 | D:8      | Reached skill level 10 in Armour
  8213 | D:8      | Noticed a rust devil
  8342 | D:8      | Found a staircase to the Lair.
  8534 | D:8      | Found a hazy altar of Hepliaklqana.
  8834 | D:9      | Reached XP level 11. HP: 99/104 MP: 1/10
  9225 | D:9      | Noticed a two-headed ogre
  9236 | D:9      | Killed a two-headed ogre
  9431 | D:9      | Found a bloodstained altar of Trog.
  9628 | D:9      | Found a radiant altar of Vehumet.
  9878 | D:10     | Entered Level 10 of the Dungeon
  9976 | D:10     | Received a gift from Trog
 10109 | D:10     | Found an ornate altar of the Wu Jian Council.
 10313 | D:10     | Found an iron altar of Okawaru.
 10920 | D:10     | Found Mesiusud's Armour Boutique.
 11078 | D:11     | Noticed a two-headed ogre
 11083 | D:11     | Killed a two-headed ogre
 11334 | D:11     | Noticed a red ugly thing
 11336 | D:11     | Killed a red ugly thing
 12036 | D:11     | Identified the +10 ring mail of the Devil's Advocate {rC-
                  | Regen+ Int+3 Stlth+}
 12467 | D:12     | Noticed a purple ugly thing
 12477 | D:12     | Killed a purple ugly thing
 12764 | D:12     | Found a shadowy altar of Dithmenos.
 13363 | Lair:1   | Entered Level 1 of the Lair of Beasts
 13389 | Lair:1   | Reached XP level 12. HP: 90/116 MP: 0/11
 14349 | Lair:2   | Received a gift from Trog
 14590 | Lair:2   | Noticed a boulder beetle
 14599 | Lair:2   | Killed a boulder beetle
 14750 | Lair:2   | Noticed a death yak
 14753 | Lair:2   | Noticed a death yak
 14754 | Lair:2   | Noticed a death yak
 14761 | Lair:2   | Killed a death yak
 14764 | Lair:2   | Noticed a death yak
 14765 | Lair:2   | Killed a death yak
 14766 | Lair:2   | Reached skill level 15 in Fighting
 14768 | Lair:2   | Killed a death yak
 14769 | Lair:2   | Reached skill level 15 in Axes
 14772 | Lair:2   | Killed a death yak
 14936 | Lair:2   | Noticed a catoblepas
 14955 | Lair:2   | Killed a catoblepas
 15150 | Lair:2   | Noticed a six-headed hydra
 15284 | Lair:2   | Reached XP level 13. HP: 120/127 MP: 3/12
 16336 | Lair:2   | Reached skill level 5 in Dodging
 17614 | Lair:3   | Found a staircase to the Swamp.
 17810 | Lair:3   | Found a hole to the Spider Nest.
 18107 | Lair:3   | Identified the +1 ring mail of the Lost Path {Dex+3}
 18548 | Lair:4   | Found a transporter.
 18557 | Lair:4   | Noticed Nyzic's ghost (journeyman TrMo)
 18595 | Lair:4   | Found a transporter.
 19242 | Lair:4   | Identified the +1 chain mail of Ethereal the Leaf {+Blink
                  | rF+ rN+ Slay+3}
 19602 | Lair:5   | Entered Level 5 of the Lair of Beasts
 19700 | Lair:4   | Reached skill level 1 in Evocations
 19804 | Lair:5   | Reached XP level 14. HP: 140/140 MP: 1/13
 20022 | Lair:5   | Reached ****** piety under Trog
 20145 | Lair:5   | Found a staircase to the Slime Pits.
 20146 | Lair:5   | Found a viscous altar of Jiyva.
 20371 | Lair:5   | Received a gift from Trog
 21029 | Lair:5   | Identified the +4 chain mail of Tenacity {-Cast rF+ Will++
                  | SInv}
 21313 | Lair:5   | Reached skill level 5 in Evocations
 21589 | Lair:5   | Identified the staff of air "Saqylet" {rElec rF- MP+9 Int+5
                  | SInv}
 22021 | Lair:4   | Killed Nyzic's ghost
 22093 | Lair:4   | Identified the ring of Vodka {rCorr AC+4 Dex+3}
 22528 | D:12     | Received a gift from Trog
 22975 | D:12     | Found a staircase to the Orcish Mines.
 23860 | D:13     | Noticed an ironbound preserver
 23863 | D:13     | Found a gate to the Vaults.
 23866 | D:13     | Killed an ironbound preserver
 23871 | D:13     | Reached XP level 15. HP: 131/150 MP: 3/14
 24449 | D:14     | Found a shimmering blue altar of Sif Muna.
 24900 | D:14     | Identified the +9 executioner's axe "Sainub" {heavy, Str+3}
                  | (Trog gifted it to you on level 14 of the Dungeon)
 24900 | D:14     | Received a gift from Trog
 25505 | D:15     | Entered Level 15 of the Dungeon
 25657 | D:15     | Found a staircase to the Depths.
 25889 | D:15     | Found Ygur Batuk's Antique Weapon Shop.
 26953 | Spider:1 | Entered Level 1 of the Spider Nest
 26962 | Spider:1 | Noticed Frances
 26986 | Lair:3   | Killed Frances
 27084 | Spider:1 | Received a gift from Trog
 27925 | Spider:2 | Noticed Jorgrun
 27935 | Spider:2 | Killed Jorgrun
 28220 | Spider:2 | Reached XP level 16. HP: 112/162 MP: 1/15
 28833 | Spider:2 | Noticed Asterion
 28839 | Spider:2 | Killed Asterion
 29725 | Spider:3 | Found a runed translucent door.
 29725 | Spider:3 | Noticed Brasilia's ghost (journeyman FeWn)
 30612 | Spider:3 | Killed Brasilia's ghost
 30682 | Spider:4 | Entered Level 4 of the Spider Nest
 30923 | Spider:4 | Received a gift from Trog
 31806 | Spider:4 | Noticed Arachne
 32158 | Spider:4 | Reached skill level 10 in Shields
 32169 | Spider:4 | Reached XP level 17. HP: 127/163 MP: 2/16
 32271 | Spider:4 | Killed Arachne
 32549 | Spider:4 | Got a gossamer rune of Zot
 32611 | Spider:4 | Reached XP level 18. HP: 183/183 MP: 8/17
 33085 | Orc:1    | Entered Level 1 of the Orcish Mines
 33097 | Orc:1    | Received a gift from Trog
 33455 | Orc:2    | Entered Level 2 of the Orcish Mines
 33455 | Orc:2    | Noticed Urug
 33461 | Orc:1    | Killed Urug
 34566 | Orc:1    | Paralysed by an orc sorcerer for 5 turns
 34803 | Orc:2    | Found Saost's General Store.
 34819 | Orc:2    | Found Eruoreaq's General Store.
 34886 | Orc:2    | Received a gift from Trog
 35174 | Orc:2    | Found Gyfieps's Antique Armour Shop.
 35174 | Orc:2    | Found a one-way gate leading to the halls of Pandemonium.
 35174 | Orc:2    | Found Uxulopri's Jewellery Boutique.
 35188 | Orc:2    | Bought a glowing plate armour for 624 gold pieces
 35289 | Orc:2    | Bought a potion of curing for 45 gold pieces
 35289 | Orc:2    | Bought a scroll of enchant armour for 112 gold pieces
 35302 | Orc:2    | Bought a potion of haste for 140 gold pieces
 35302 | Orc:2    | Bought a scroll of fear for 56 gold pieces
 35902 | Orc:2    | Found a staircase to the Elven Halls.
 36089 | Elf:1    | Entered Level 1 of the Elven Halls
 36106 | Elf:1    | Received a gift from Trog
 37181 | Elf:1    | Received a gift from Trog
 37357 | Elf:1    | Noticed Seidenschwarz's ghost (journeyman DECj)
 37358 | Elf:1    | Found a runed translucent door.
 37382 | Elf:1    | Killed Seidenschwarz's ghost
 38331 | Swamp:1  | Entered Level 1 of the Swamp
 38711 | Swamp:1  | Identified the +1 robe "Gijo" {Will+}
 39042 | Swamp:2  | Reached XP level 19. HP: 178/193 MP: 4/18
 39801 | Swamp:2  | Noticed Kirke
 39808 | Swamp:2  | Killed Kirke
 41844 | Swamp:4  | Entered Level 4 of the Swamp
 41850 | Swamp:4  | Received a gift from Trog
 43273 | Swamp:4  | Reached skill level 15 in Armour
 43477 | Swamp:4  | Got a decaying rune of Zot
 44192 | Vaults:1 | Entered Level 1 of the Vaults
 45113 | Vaults:1 | Received a gift from Trog
 45694 | Vaults:1 | Reached XP level 20. HP: 202/206 MP: 1/19
 45857 | Vaults:1 | Found Qudghoes's Magic Scroll Shop.
 45860 | Vaults:1 | Bought a scroll of enchant weapon for 150 gold pieces
 46843 | Vaults:2 | Identified the +10 dagger of Wounding {flame, rPois} (Trog
                  | gifted it to you on level 2 of the Vaults)
 46843 | Vaults:2 | Received a gift from Trog
 46982 | Vaults:2 | Identified the +0 pair of gloves of Filth {Drain rElec
                  | Regen+ Int+6}
 47789 | Vaults:2 | Received a gift from Trog
 48670 | Vaults:3 | Identified the amulet "Piofaomi" {Spirit *Corrode rF+ SInv}
 48684 | Vaults:3 | Identified the +0 leather armour of an ice cave {rElec
                  | Str+4 Dex+4}
 48708 | Vaults:3 | Identified the +3 short sword "Itiplaif" {flame, rPois rF-
                  | rCorr SInv}
 48740 | Vaults:3 | Found a staircase to the Crypt.
 48966 | Vaults:3 | Reached XP level 21. HP: 217/217 MP: 20/20
 48968 | Vaults:3 | Received a gift from Trog
 49535 | Vaults:3 | Found a portal to a secret trove of treasure.
 49700 | Vaults:4 | Noticed Xtahua
 49713 | Vaults:4 | Killed Xtahua
 49739 | Vaults:4 | Received a gift from Trog
 50185 | Vaults:4 | Identified the +10 sling of the Telling Shrike {antimagic,
                  | rN+ Int+2}
 50273 | Vaults:4 | Reached skill level 15 in Shields
 50279 | Vaults:4 | Noticed Saint Roka
 50294 | Vaults:4 | Killed Saint Roka
 50494 | Vaults:4 | Received a gift from Trog
 50568 | Vaults:4 | Paralysed by a great orb of eyes for 4 turns
 51026 | Depths:1 | Entered Level 1 of the Depths
 51068 | Depths:1 | Found Entoep's Blood Bar.
 51310 | Depths:1 | Found a gateway to Hell.
 51387 | Depths:1 | Found a one-way gate to the infinite horrors of the Abyss.
 51389 | Depths:1 | Identified the +8 spear of Theory {heavy, Fly rN+}
 51452 | Depths:1 | Reached XP level 22. HP: 218/231 MP: 21/21
 51924 | Depths:2 | Noticed Grunn
 52161 | Depths:1 | Reached skill level 10 in Dodging
 52164 | Depths:1 | Received a gift from Trog
 52478 | Depths:2 | Noticed a golden dragon
 52497 | Depths:2 | Killed a golden dragon
 52525 | Depths:2 | Found the +5 scythe "Finisher" {speed, execute}
 52635 | Depths:2 | Killed Grunn
 52636 | Depths:2 | Reached skill level 27 in Fighting
 52669 | Depths:2 | Reached skill level 27 in Axes
 53259 | Depths:2 | Found Jepehim's Antique Armour Boutique.
 53273 | Depths:2 | Bought a glowing plate armour for 780 gold pieces
 53507 | Depths:2 | Received a gift from Trog
 53867 | Depths:3 | Noticed Parghit
 53880 | Depths:3 | Killed Parghit
 53981 | Depths:3 | Noticed Vv
 54003 | Depths:3 | Killed Vv
 54278 | Depths:3 | Found a one-way gateway to a ziggurat.
 54736 | Depths:4 | Entered Level 4 of the Depths
 54850 | Depths:4 | Noticed a golden dragon
 54866 | Depths:3 | Killed a golden dragon
 55024 | Depths:4 | Reached skill level 15 in Dodging
 55242 | Depths:4 | Noticed Louise
 55258 | Depths:4 | Killed Louise
 55360 | Depths:4 | Received a gift from Trog
 55466 | Depths:4 | Reached XP level 23. HP: 240/240 MP: 22/22
 55661 | Depths:4 | Found an ornate altar of the Wu Jian Council.
 55943 | Depths:4 | Found a gate to the Realm of Zot.
 56349 | Crypt:1  | Entered Level 1 of the Crypt
 56356 | Crypt:1  | Found a magical portal.
 56643 | Vaults:5 | Entered Level 5 of the Vaults
 56705 | Vaults:5 | Identified the +3 quick blade "Fuaq" {flame, rF+ Stlth+}
                  | (Trog gifted it to you on level 5 of the Vaults)
 56705 | Vaults:5 | Received a gift from Trog
 56802 | Vaults:5 | Noticed a dread lich
 56811 | Vaults:5 | Identified the ring of the Wild Haggis {Wiz Contam Dex+4}
 56814 | Vaults:5 | Killed a dread lich
 56838 | Vaults:5 | Received a gift from Trog
 56851 | Vaults:5 | Identified the staff of fire "Xonganiph" {Fragile rF+ Int+6
                  | Dex-3 Stlth+}
 57126 | Vaults:5 | Received a gift from Trog
 57170 | Vaults:5 | Identified the ring "Tuetir" {Wiz Drain rF+ rN+ Int+2}
 57338 | Vaults:5 | Identified the ring of Buren {rPois Will+}
 57345 | Vaults:5 | Identified the ring "Duaran" {rPois Will+ Int+2 Dex+6}
 57348 | Vaults:5 | Identified the +11 spear of Melee {freeze, *Noise +Blink
                  | rElec rC- Dex+2}
 57418 | Vaults:5 | Noticed a dread lich
 57425 | Vaults:5 | Killed a dread lich
 57426 | Vaults:5 | Reached XP level 24. HP: 245/249 MP: 22/22
 57461 | Vaults:5 | Identified the +3 arbalest of the Beastly God {freeze,
                  | rPois Int+3}
 57681 | Vaults:5 | Identified the +0 halberd "Uhusax" {venom, rN+ Str+2 Int+4}
 57865 | Vaults:5 | Got a silver rune of Zot
 58143 | Vaults:5 | Identified the staff of cold "Meshreuz" {Drain rElec rF+
                  | rC+}
 58581 | Depths:4 | Acquired the amulet "Jarafo" {Faith rN+ SInv}
 58594 | Zot:1    | Entered Level 1 of the Realm of Zot
 58778 | Zot:2    | Noticed an orb of fire
 58786 | Zot:2    | Killed an orb of fire
 58975 | Zot:3    | Identified the +4 war axe of Limitation {flame, rC+} (Trog
                  | gifted it to you on level 3 of the Realm of Zot)
 58975 | Zot:3    | Received a gift from Trog
 59251 | Zot:4    | Noticed an orb of fire
 59263 | Zot:4    | Gained mutation: Your body sometimes deteriorates upon
                  | taking damage. [an orb of fire]
 59264 | Zot:4    | Gained mutation: You sometimes lose your temper in combat.
                  | [an orb of fire]
 59266 | Zot:4    | Gained mutation: You are vulnerable to heat. (rF-) [an orb
                  | of fire]
 59268 | Zot:4    | Killed an orb of fire
 59269 | Zot:4    | Lost mutation: Your body sometimes deteriorates upon taking
                  | damage. [potion of mutation]
 59269 | Zot:4    | Lost mutation: You sometimes lose your temper in combat.
                  | [potion of mutation]
 59269 | Zot:4    | Lost mutation: You are vulnerable to heat. (rF-) [potion of
                  | mutation]
 59269 | Zot:4    | Gained mutation: Potions are less effective at restoring
                  | your health. [potion of mutation]
 59269 | Zot:4    | Gained mutation: Your mind is acute. (Int +4, Str/Dex -1)
                  | [potion of mutation]
 59760 | Zot:4    | Noticed an orb of fire
 59764 | Zot:4    | Gained mutation: You occasionally lose the ability to read
                  | scrolls when taking damage. [an orb of fire]
 59766 | Zot:4    | Gained mutation: You sometimes lose the ability to read
                  | scrolls when taking damage. [an orb of fire]
 59767 | Zot:4    | Killed an orb of fire
 59780 | Zot:4    | Lost mutation: You sometimes lose the ability to read
                  | scrolls when taking damage. [potion of mutation]
 59780 | Zot:4    | Lost mutation: Your mind is acute. (Int +4, Str/Dex -1)
                  | [potion of mutation]
 59780 | Zot:4    | Gained mutation: Your spells are a little harder to cast,
                  | but a little more powerful. [potion of mutation]
 59780 | Zot:4    | Lost mutation: You occasionally lose the ability to read
                  | scrolls when taking damage. [potion of mutation]
 59780 | Zot:4    | Gained mutation: You are agile. (Dex +4, Str/Int -1)
                  | [potion of mutation]
 59780 | Zot:4    | Gained mutation: You are partially covered in large bone
                  | plates. (SH +4) [potion of mutation]
 59850 | Zot:4    | Identified the +5 plate armour of the Imp {Int+3}
 59955 | Zot:5    | Entered Level 5 of the Realm of Zot
 60623 | Zot:5    | Noticed a dread lich
 60626 | Zot:5    | Noticed an orb of fire
 60627 | Zot:5    | Killed a dread lich
 60627 | Zot:5    | Noticed an ancient lich
 60631 | Zot:5    | Killed an ancient lich
 60635 | Zot:5    | Noticed a Killer Klown
 60637 | Zot:5    | Noticed an orb of fire
 60637 | Zot:5    | Noticed an orb of fire
 60642 | Zot:5    | HP: 8/249 [orb of fire/bolt of fire (22)]
 60642 | Zot:5    | Killed from afar by an orb of fire

Illustrated notes

Levels and vault maps discovered:
D:1:      kennysheep_arrival_seaside, layout_basic, serial_glass,
          glass_columns_b, glass_columns_a, minmay_bisected
D:2:      layout_basic, hangedman_decor_diamond_cutter,
          minmay_misc_feat_diagonals
D:3:      corexii_shack_village, layout_basic
D:4:      layout_basic, kennysheep_little_box, lemuel_coloured_pillars_altar,
          serial_shops, nicolae_shop_gaudy_bauble, nicolae_stop_n_shop_2,
          shop_fountains, uniq_edmund, uniq_sigmund
D:5:      layout_rooms, mainiacjoe_overflow_chevrons, old_standard_altar,
          ashenzari_conservatory_becter, minmay_temple_entry_nine_rooms
D:6:      layout_gridville, nicolae_uskayaw_dance_studio, serial_demonic,
          serial_demonic_a, serial_demonic_b, serial_demonic_b,
          serial_demonic_a, serial_demonic_b, serial_demonic_b, enter_ossuary_3,
          uniq_maggie
D:7:      minmay_clustersquares, layout_loops_ring, general_overflow_altar,
          nicolae_overflow_squiral, minmay_fractal_squares_diagonal_5,
          uniq_menkaure
D:8:      gammafunk_jiyva_shrine, layout_basic, mainiacjoe_overflow_alcove_2,
          mainiacjoe_overflow_alcove_4, erik_lair_dragon
D:9:      layout_basic, mainiacjoe_overflow_paths, lightli_temple_of_fire
D:10:     layout_long_grid, mainiacjoe_overflow_boulevard,
          mainiacjoe_overflow_concentric_impassable, serial_shops, shop
D:11:     layout_gridville, minivault_16, hex_medium, serial_park_tiny_2
D:12:     layout_gridville, david_orc_1_choice, grunt_dithmenos_shadows
D:13:     layout_roguey, skrybe_vaults_entry_preservation
D:14:     layout_cave_pools, gauntlet_entry_generic, roderic_serpentine_path,
          nicolae_sif_muna_condensation
D:15:     gammafunk_depths_entry_grave, layout_long_grid, minmay_misc_feat_room,
          serial_shops, nicolae_shop_waterfront
Lair:1:   layout_hall_layers, serial_bayou, serial_bayou_shore_a,
          serial_bayou_pond_d, serial_bayou_lagoon_b, serial_bayou_ford_a
Lair:2:   nzn_winding_woodlands_huge [nzn_winding_woodlands_5x15_river_crossing,
          nzn_winding_woodlands_5x15_default,
          nzn_winding_woodlands_5x15_sidewinder,
          nzn_winding_woodlands_5x15_pool, nzn_winding_woodlands_5x15_eye,
          nzn_winding_woodlands_5x15_split_checker,
          nzn_winding_woodlands_5x15_garden, nzn_winding_woodlands_5x15_zeroes,
          nzn_winding_woodlands_5x15_cabin,
          nzn_winding_woodlands_5x15_lazy_stream,
          nzn_winding_woodlands_center_triple_pond,
          nzn_winding_woodlands_center_garden,
          nzn_winding_woodlands_15x15_killbox], layout_regular_city
Lair:3:   layout_small_grid, minmay_swamp_entry_swarm,
          spider_nest_entry_web_field, grunt_megastairs_5, lemuel_fruit_fields
Lair:4:   layout_regular_city, gammafunk_ghost_berserking_beasts
Lair:5:   minmay_lair_end_frog_pond, layout_regular_city,
          minmay_slime_entry_jelly_boxes, chequers_serial_rivers_room_a,
          st_stairs_9, serial_bayou_lake_a, lemuel_fruit_fields
Swamp:1:  layout_basic_swamp, evilmike_swamp_ruin_house_6, swamp_pool4
Swamp:2:  layout_falls_marsh, evilmike_swamp_ruin_wall,
          infiniplex_staircase_pool, uniq_kirke
Swamp:3:  layout_falls_marsh, nicolae_swamp_oxbows, infiniplex_staircase_pool_2
Swamp:4:  swamp_basic_johnstein, layout_basic_swamp, swamp_pool2,
          hangedman_swamp_diagram
Spider:1: layout_spider_delve, uniq_frances
Spider:2: layout_spider_delve, uniq_jorgrun, uniq_asterion
Spider:3: layout_spider_delve, hellmonk_ghost_happy_afterlife
Spider:4: johnstein_spider_rune_arachne_lair, nicolae_spider_shape
Orc:1:    layout_diamond_mine
Orc:2:    pf_orc_diabolical, layout_diamond_mine, uniq_urug
Elf:1:    eino_elf_arrival_the_gate, layout_rooms, ebering_ghost_inner_flame,
          minivault_28, grunt_megastairs_1
Vaults:1: nicolae_vaults_ring_of_whatevers, vaults_room_semicircle,
          vaults_room_large_hall, nicolae_vaults_stepped_doors,
          hangedman_vaults_hat, nicolae_vaults_network_s,
          nicolae_vaults_trapezoid_lopsided_2, hangedman_vaults_nodes,
          v_alt_pattern_1, vaults_mumra_minichess, vaults_room_stairs_pillars,
          vaults_room_grid, nicolae_vaults_closet_pinwheel_4, vaults_mumra_lcd,
          nicolae_vaults_tetromino_L_2, layout_vaults_omnibox, serial_shops,
          nicolae_shop_rolled_up
Vaults:2: nicolae_vaults_more_shelving_2, grunt_vaults_hallway_long,
          vaults_room_pools, vaults_room_semicircle, nicolae_vaults_six-pack,
          hangedman_vaults_stream, nicolae_vaults_circle_grid_b,
          nicolae_vaults_sesquioval_fish, ontoclasm_vaults_fault,
          nicolae_vaults_display_case, nicolae_vaults_little_squares_2,
          layout_vaults_quadrants
Vaults:3: nicolae_vaults_storage_closets_3, ontoclasm_vaults_ring_small,
          minmay_crypt_entry_simple_statues, v_pattern_1, v_misc_4, v_misc_30,
          nicolae_vaults_closet_pinwheel_1, v_misc_27,
          grunt_vaults_hallway_short, nicolae_vaults_offset_grid_hallway_4,
          vaults_dpeg_diagonal, nicolae_vaults_storing_the_good_stuff,
          layout_vaults_maze_snakey, trove_entry_hex_spiral
Vaults:4: v_misc_15, ontoclasm_vaults_chip, v_rooms_3,
          nicolae_vaults_apartment_2, ontoclasm_vaults_eye,
          grunt_vaults_hallway_long, nicolae_vaults_circle_grid_b,
          nicolae_vaults_trapezoid_2, nicolae_vaults_offset_grid_hallway_1,
          nicolae_vaults_heart-shaped_vault, vaults_room_ringed_pool, v_misc_2,
          hangedman_vaults_trim, layout_vaults_omnicross, uniq_xtahua,
          uniq_saint_roka
Vaults:5: serial_shops
Crypt:1:  statuecave_lemuel, layout_gridlike, lightli_enter_wizlab_magi_temple,
          serial_co_window_serial, co_window_corner_a, co_window_paths_a,
          co_window_cross_1, co_window_cross_1, co_window_paths_a,
          co_window_of_opportunity_b, co_window_corner_b,
          co_window_unsneaky_path_e, co_window_of_opportunity_b,
          co_window_4corner_b, lemuel_hellish_altar, uniq_margery
Depths:1: layout_gridville, grunt_mini_vestibule, abyss_entry,
          hangedman_abyss_or_decor_stagger, drop_trap, guppyfry_shop_blood,
          grunt_megastairs_3
Depths:2: kennysheep_oblong_rooms, layout_gridlike, hell_entry, serial_shops,
          nicolae_shop_stone, pan_entry, wad_mini_maze, uniq_grunn
Depths:3: minmay_connected_triangles_in_corner, layout_gridlike,
          enter_ziggurat_f, grunt_hell_entry_dis_old, marbit_kobold_abyss_entry,
          minmay_misc_feat_tower, minmay_staircase_bubble, uniq_parghit, uniq_vv
Depths:4: evilmike_zot_entry_gauntlet, layout_basic, rand_demon_pan_entry_5,
          nicolae_abyss_entry_one_way_or_another, hangedman_geh_valley,
          pdpol_wu_jian_five_deadly_venoms, hangedman_decor_clover_reticule
Zot:1:    layout_cellular_growth
Zot:2:    layout_basic
Zot:3:    layout_basic, hangedman_zot_decor_slant
Zot:4:    layout_cathedral_of_symmetry, st_small_dragon_hoard_4
Zot:5:    layout_misc_corridors

Skill      XL: |  1  2  3  4  5  6  7  8  9 10 11 12 13 14 15 16 17 18 19 20 21 22 23 24 |
---------------+-------------------------------------------------------------------------+-----
Fighting       | 4 5 6 7 8 10 12 13 15 17 18 20 21 22 24 25 26 27 | 27.0
Axes           | 4 5 6 7 8 10 12 13 15 17 18 20 21 22 24 25 26 27 | 27.0
Armour         | 3 4 5 6 8 9 10 12 14 16 18 | 18.3
Shields        | 4 5 10 13 16 | 16.2
Dodging        | 3 7 9 15 21 24 | 24.8
Evocations     | 1 6 8 |  8.8

Action                     |  1- 3 |  4- 6 |  7- 9 | 10-12 | 13-15 | 16-18 | 19-21 | 22-24 || total
---------------------------+-------+-------+-------+-------+-------+-------+-------+-------++-------
  Melee: Hand axe          |    67 |    80 |    56 |       |       |       |       |       ||   203
         Headbutt          |     8 |    13 |    63 |    68 |    89 |   121 |   285 |   339 ||   986
         War axe           |       |       |   268 |    33 |       |       |       |       ||   301
         Battleaxe         |       |       |    10 |   137 |       |       |       |       ||   147
         Punch             |       |       |     5 |       |       |       |       |       ||     5
         Broad axe         |       |       |       |   208 |   443 |   669 |  1031 |  1139 ||  3490
         Flail             |       |       |       |       |    54 |       |       |       ||    54
         Executioner's axe |       |       |       |       |    80 |       |       |       ||    80
         Scimitar          |       |       |       |       |       |    24 |       |       ||    24
 Invoke: Berserk           |     1 |     2 |     5 |     3 |     8 |     2 |       |       ||    21
         Trog's Hand       |       |       |       |       |       |     6 |    11 |    24 ||    41
         Brothers in Arms  |       |       |       |       |       |     1 |     1 |     3 ||     5
  Evoke: Wand              |       |       |       |       |       |       |       |     2 ||     2
    Use: Scroll            |       |     2 |     8 |    15 |    14 |     8 |     2 |    13 ||    62
         Potion            |       |       |       |       |       |     3 |       |    24 ||    27
   Stab: Distracted        |       |       |       |       |       |     1 |     1 |       ||     2
 Armour: Animal skin       |     7 |       |       |       |       |       |       |       ||     7
         Scale mail        |    16 |     2 |       |       |       |       |       |       ||    18
         Plate armour      |       |    54 |   226 |   320 |   558 |   545 |   606 |   123 ||  2432
         Gold dragon scale |       |       |       |       |       |       |       |   430 ||   430
  Dodge: Dodged            |    26 |    31 |   121 |   148 |   391 |   303 |   462 |   440 ||  1922
         Repelled          |       |       |       |       |       |     9 |     9 |    29 ||    47
  Block: Buckler           |       |       |     8 |    58 |   132 |     1 |       |       ||   199
         Kite shield       |       |       |       |       |       |   391 |   484 |       ||   875
         Tower shield      |       |       |       |       |       |       |   355 |  1051 ||  1406
